Map: Orbital Shipyard

Players

capac

  • Race: Terran Terran
  • League: Gold

Vanstein - Winner!

  • Race: Protoss Protoss
  • League: Gold

VOD

Have the link to the VOD?

Description

Time

  • Played on: Dec. 1, 2015, 2:04 p.m.
  • Length: 15:14
Show
View Real Time Build Order
Export as new Build Order

capac Terran 

Build Orders: MMM Bio 

Get SALT Encoding   

  12  0:04  SCV  
  13  0:16  SCV  
  14  0:24  Supply Depot  
  15  0:28  SCV  
  15  0:46  SCV  
  15  0:48  Barracks  
  16  0:50  Refinery  
  16  0:58  SCV  
  17  1:10  SCV  
  18  1:22  SCV  
  19  1:36  Orbital Command  
  19  1:39  Barracks Reactor  
  19  1:47  Command Center  
  20  2:01  SCV  
  20  2:16  Marine x2  
  20  2:22  Supply Depot  
  22  2:24  SCV  
  23  2:36  SCV  
  23  2:39  Factory  
  23  2:41  Refinery  
  23  2:42  Barracks  
  23  2:43  Marine x2  
  25  2:53  SCV  
  26  3:01  Marine x2, Orbital Command  
  28  3:07  SCV  
  29  3:19  SCV  
  30  3:23  Marine x2  
  30  3:24  Factory Tech Lab  
  32  3:31  SCV  
  32  3:32  Barracks Tech Lab  
  33  3:35  Supply Depot  
  33  3:37  SCV  
  34  3:43  SCV  
  34  3:45  Marine  
  34  3:46  Marine  
  37  3:49  SCV  
  37  3:52  Starport  
  38  3:56  Stimpack  
  38  4:00  SCV  
  39  4:04  Marine x2  
  39  4:06  Siege Tank  
  44  4:10  Marauder  
  44  4:11  SCV  
  44  4:14  SCV  
  48  4:27  Marine x2  
  48  4:30  Medivac  
  52  4:33  Supply Depot  
  52  4:43  Barracks  
  52  4:46  SCV x2  
  52  4:48  Barracks x2  
  54  4:55  Siege Tank  
  44  5:15  Refinery  
  44  5:17  Marine x2  
  46  5:23  Engineering Bay  
  46  5:34  SCV x2  
  46  5:35  Marine x2  
  50  5:46  SCV x2  
  52  5:56  Barracks Tech Lab  
  52  5:57  Barracks Tech Lab  
  52  5:59  Barracks Reactor  
  49  6:14  Missile Turret  
  49  6:17  Marine  
  49  6:18  Marine  
  52  6:20  Marauder x2, Siege Tank  
  52  6:21  Starport Reactor  
  58  6:34  Missile Turret  
  58  6:37  SCV x2  
  60  6:44  Marine x2  
  62  6:58  Supply Depot  
  62  7:01  Supply Depot  
  62  7:13  SCV  
  62  7:14  Marine  
  62  7:19  Marine x3  
  65  7:23  Supply Depot  
  65  7:27  SCV x2  
  65  7:28  Marauder  
  65  7:29  Marauder  
  71  7:30  Combat Shields  
  71  7:31  Concussive Shells  
  71  7:33  Medivac  
  71  7:34  Medivac  
  75  7:44  Supply Depot  
  75  7:47  Supply Depot, Marine x2  
  75  7:50  SCV  
  78  7:52  SCV  
  79  7:58  Siege Tank  
  79  8:03  SCV  
  79  8:04  SCV  
  83  8:23  SCV x2  
  78  8:35  SCV x2  
  78  8:39  Siege Tank  
  83  8:47  SCV x2  
  85  8:52  Terran Infantry Weapons Level 1  
  85  8:58  Supply Depot  
  85  8:59  SCV x2  
  87  9:11  SCV x2  
  87  9:14  Missile Turret  
  89  9:18  Missile Turret  
  89  9:20  Refinery  
  89  9:23  SCV  
  90  9:48  Marine x2  
  90  9:49  Marine x3  
  90  9:50  Marauder  
  97  9:53  SCV x2  
  99  10:03  Engineering Bay  
  99  10:07  Supply Depot  
  99  10:09  Marine x4  
  103  10:31  Command Center  
  103  10:32  SCV  
  103  10:33  SCV  
  105  10:37  Marine  
  105  10:38  Marine  
  107  10:43  Terran Infantry Armor Level 1  
  107  10:54  Armory  
  107  10:57  Supply Depot  
  107  10:58  Marine  
  108  11:15  Marine x4  
  108  11:16  Marauder x2  
  89  11:53  Marine x3  
  89  11:54  Marauder, Marine x2  
  74  11:55  Marauder  
  74  12:01  Liberator x2  
  41  12:38  SCV x2  
  43  12:50  SCV x2  
  44  12:56  Marine  
  44  12:57  Marine x2  
  46  13:19  Marine x2  
  48  13:20  Missile Turret  
  48  13:24  Missile Turret  
  48  13:26  Orbital Command  
  39  13:49  Marine x3  
  39  13:50  Marauder  
  39  13:51  Marauder  
  39  13:55  Marine x2  
  47  14:01  Liberator  
  48  14:05  SCV x2  
  48  14:07  SCV  
  51  14:12  Marauder  
  51  14:13  Marine x2  
  51  14:14  Marine x2  
  51  14:15  Marauder x2  
  64  14:29  SCV x3  
  67  14:33  Marine x2  
  67  14:34  Marine x2  
  67  14:36  Siege Tank  
  74  14:52  SCV x2  
  69  15:09  Refinery  
Show
View Real Time Build Order
Export as new Build Order

Vanstein Protoss - Winner!

Build Orders: Oracle Opening 

Get SALT Encoding   

  12  0:01  Probe (Chrono Boost)  
  13  0:14  Pylon  
  13  0:18  Probe (Chrono Boost)  
  15  0:28  Probe (Chrono Boost)  
  15  0:34  Gateway  
  15  0:39  Probe (Chrono Boost)  
  16  0:45  Assimilator  
  16  0:49  Probe (Chrono Boost)  
  17  0:54  Assimilator  
  17  1:00  Probe (Chrono Boost)  
  18  1:05  Pylon  
  18  1:10  Probe (Chrono Boost)  
  19  1:21  Probe (Chrono Boost)  
  19  1:23  Cybernetics Core  
  20  1:32  Probe (Chrono Boost)  
  21  1:42  Probe (Chrono Boost)  
  22  1:54  Probe (Chrono Boost)  
  23  2:02  Adept (Chrono Boost)  
  23  2:05  Mothership Core  
  27  2:23  Stargate  
  27  2:26  Probe  
  28  2:38  Probe  
  30  2:44  Adept (Chrono Boost)  
  30  2:51  Probe  
  30  2:55  Warp Gate  
  31  2:59  Nexus  
  31  3:12  Pylon  
  31  3:26  Pylon  
  31  3:30  Probe, Oracle (Chrono Boost)  
  35  3:36  Adept (Chrono Boost)  
  37  3:42  Probe, Gateway  
  38  3:56  Probe  
  38  3:57  Gateway  
  39  4:10  Probe  
  39  4:13  Adept (Chrono Boost)  
  42  4:17  Probe  
  42  4:21  Twilight Council  
  42  4:22  Probe  
  44  4:32  Probe  
  44  4:36  Sentry (Chrono Boost)  
  44  4:38  Sentry (Chrono Boost)  
  49  4:45  Probe  
  50  4:47  Pylon  
  50  4:50  Adept (Chrono Boost)  
  52  5:01  Probe  
  52  5:03  Probe  
  54  5:14  Probe  
  54  5:15  Probe  
  56  5:21  Resonating Glaives (Chrono Boost)  
  56  5:24  Probe  
  56  5:26  Adept x2, Pylon, Gateway  
  56  5:27  Adept  
  63  5:32  Assimilator  
  63  5:36  Gateway  
  63  5:44  Gateway  
  63  5:47  Adept  
  63  5:48  Adept x2  
  69  6:14  Adept x3  
  75  6:20  Probe  
  75  6:21  Probe  
  77  6:43  Pylon  
  77  6:46  Pylon  
  77  6:49  Pylon  
  77  6:50  Pylon  
  77  6:53  Assimilator  
  77  7:04  Adept x4  
  77  7:05  Adept x2  
  89  7:17  Nexus  
  89  7:34  Stalker x3  
  89  7:35  Sentry x2, Robotics Facility  
  99  7:44  Probe  
  99  7:45  Probe  
  99  7:48  Forge  
  101  8:04  Probe  
  101  8:06  Probe  
  103  8:16  Pylon  
  103  8:37  Warp Prism (Chrono Boost)  
  103  8:39  Adept  
  103  8:40  Sentry x3  
  113  8:41  Stalker x2  
  113  8:47  Charge (Chrono Boost)  
  117  8:50  Protoss Ground Weapons Level 1  
  117  8:54  Pylon  
  117  8:58  Pylon  
  117  9:05  Gateway  
  117  9:07  Gateway  
  117  9:11  Observer (Chrono Boost)  
  118  9:29  Gateway  
  118  9:34  Forge  
  118  9:44  Robotics Bay  
  118  9:50  Immortal (Chrono Boost)  
  122  10:12  Adept  
  122  10:13  Stalker x3  
  130  10:33  Colossus (Chrono Boost)  
  130  10:35  Protoss Ground Armor Level 1  
  136  10:46  Robotics Facility  
  136  10:48  Assimilator  
  136  10:49  Assimilator  
  136  11:11  Adept x4  
  144  11:29  Adept  
  144  11:30  Adept  
  102  11:55  Adept x3  
  102  11:56  Adept x2  
  102  11:57  Adept x2  
  90  12:19  Adept  
  90  12:20  Adept x5  
  96  12:36  Colossus (Chrono Boost), Adept x2  
  96  12:37  Adept  
  92  12:54  Adept  
  92  13:13  Colossus (Chrono Boost)  
  92  13:21  Nexus  
  92  13:22  Colossus (Chrono Boost)  
  92  13:23  Void Ray  
  92  13:25  Stalker  
  92  13:26  Stalker x2  
  92  13:27  Stalker x6  
  117  13:56  Stalker x2  
  117  13:57  Stalker x4  
  129  14:06  Void Ray  
  133  14:37  Pylon  
Tags
 
Add a new tag
Caveats
  • Supply blocks, unpowered buildings, or Contaminate may cause inaccurate times.
  • Supply counts are checked every 10 seconds.